 Dungeon Crawl Stone Soup version 0.30.0-15-g856e2d3f33 (webtiles) character file.

Game seed: 12904025978409516606

139 qw the Chopper (level 5, -6/32 HPs)
             Began as a Gargoyle Fighter on May 20, 2023.
             Mangled by Edmund
             ... wielding a +2 dire flail of protection
              (10 damage)
             ... on level 4 of the Dungeon.
             The game lasted 00:01:10 (2143 turns).

qw the Chopper (Gargoyle Fighter)                   Turns: 2143, Time: 00:01:11

Health: -6/32      AC: 13    Str: 21    XL:     5   Next: 22%
Magic:  5/5        EV:  9    Int:  9    God:
Gold:   80         SH:  4    Dex:  9    Spells: 4/4 levels left

rFire   . . .        Y - +1 war axe (drain)
rCold   . . .        c - +0 buckler
rNeg    + . .        b - +0 scale mail
rPois   inf          f - +0 helmet
rElec   +            (no cloak)
rCorr   .            e - +0 pair of gloves
SInv    .            (no boots)
Will    .....        (no amulet) Stlth
                     (no ring)
HPRegen 0.25/turn    (no ring)
MPRegen 0.09/turn

%: no passive effects
@: no status effects
A: sickness immunity, AC +4, negative energy resistance 1, electricity
resistance, torment resistance 1, petrification resistance
a: no special abilities


You were on level 4 of the Dungeon.
You visited 1 branch of the dungeon, and saw 4 of its levels.

You collected 131 gold pieces.
You spent 51 gold pieces at shops.


Innate Abilities, Weirdness & Mutations

You are immune to sickness and miasma.
Your stone body is resilient. (AC +4)
You are immune to poison.
You resist negative energy. (rN+)
You are resistant to electric shocks. (rElec)
You are resistant to unholy torment.
You are immune to petrification.


   Skills:
 - Level 3.2 Fighting
 + Level 4.8 Axes
 - Level 3.2 Armour
 - Level 3.2 Shields


You had 4 spell levels left.
You didn't know any spells.
Your spell library was empty.

Inventory:

Hand Weapons
 l - a +0 mace
 Y - a +1 war axe of draining (weapon)
Armour
 b - a +0 scale mail (worn)
 c - a +0 buckler (worn)
 e - a +0 pair of gloves (worn)
 f - a +0 helmet (worn)
Scrolls
 a - a scroll of identify
Potions
 d - 3 potions of might
 g - a potion of lignification {unknown}
 h - a potion of flight {unknown}
 i - a potion of attraction {unknown}
 j - a potion of cancellation {unknown}
 k - a potion of mutation {unknown}

Dungeon Overview and Level Annotations

Branches:
Dungeon (4/15)
 Temple: D:4-7

Altars:
Qazlal
Ru

Shops:
D:2 *

Annotations:
D:4 Edmund


Message History

The goblin shouts!
You hear a shout!
You barely miss the goblin.
The goblin hits you but does no damage. x2
You slash the goblin!
You kill the goblin!
Edmund the Younger comes into view.
He is wielding a +2 dire flail of protection.
Edmund grinds his teeth, and then sighs.
You hit Edmund.
Edmund is lightly wounded.
Edmund hits you with a +2 dire flail of protection.
You hit Edmund.
Edmund is lightly wounded.
Edmund hits you with a +2 dire flail of protection.
You barely miss Edmund.
Edmund is lightly wounded.
Edmund barely misses you.
Edmund says, "Everyone always remembers my brother. 'Who's Edmund?' they ask!"
Edmund hits you with a +2 dire flail of protection.
You barely miss Edmund.
Edmund is lightly wounded.
Edmund hits you but does no damage.
You hit Edmund but do no damage.
Edmund is lightly wounded.
A kobold comes into view. It is wielding a +0 dagger.
Edmund hits you with a +2 dire flail of protection!
The kobold shouts!
You hit Edmund.
Edmund is moderately wounded.
Edmund barely misses you.
Edmund hits you with a +2 dire flail of protection.
You hit Edmund but do no damage.
Edmund is moderately wounded.
Edmund hits you but does no damage.
You hit Edmund.
Edmund is moderately wounded.
Edmund hits you with a +2 dire flail of protection!
You hit Edmund but do no damage. You drain Edmund.
Edmund is moderately wounded.
Edmund hits you with a +2 dire flail of protection!
You die...

### #..
.######.#
#.....K$# #@@#
#..# #..# #..#
#..#####.#
#........# #.#
#...###### #.#
##...# #
###.#######....#


You could see Edmund (drained) and a kobold.

Vanquished Creatures
  An iguana (D:4)
  Jessica (D:2)
  3 adders
  2 worms (D:2)
  2 dart slugs (D:2)
  3 bats
  5 endoplasms
  A giant cockroach (D:2)
  2 goblins
  4 hobgoblins
  6 jackals
  2 quokkas
  6 ball pythons
  4 frilled lizards
  4 kobolds
  3 rats (D:3)
49 creatures vanquished.

Notes
Turn   | Place    | Note
-------+----------+-------------------------------------------
     0 | D:1      | qw the Gargoyle Fighter began the quest for the Orb.
     0 | D:1      | Reached XP level 1. HP: 14/14 MP: 1/1
     0 | D:1      | 0 ||| qw: Version: 0.2-a-97-g499787f
     0 | D:1      | 0 ||| qw: Game counter: 37
     0 | D:1      | 0 ||| qw: Always use a shield: true
     0 | D:1      | 0 ||| qw: God list: Okawaru
     0 | D:1      | 0 ||| qw: Allow faded altars: false
     0 | D:1      | 0 ||| qw: Do Orc after D:15 true
     0 | D:1      | 0 ||| qw: Do second Lair branch before Depths: true
     0 | D:1      | 0 ||| qw: Lair rune preference: random
     0 | D:1      | 0 ||| qw: Plans: Normal, Zot:1-4, God:TSO, Crypt, Tomb,
                  | Pan, Slime:5, Hells, Abyss, Win
     0 | D:1      | 0 ||| PLANNING D:1-11
   223 | D:1      | Reached skill level 2 in Axes
   324 | D:1      | Found Noug's Jewellery Emporium.
   369 | D:1      | 369 ||| Stepping ~*~*~tactically~*~*~ (stealth).
   371 | D:1      | Reached XP level 2. HP: 19/19 MP: 2/2
   648 | D:1      | 648 ||| Stepping ~*~*~tactically~*~*~ (hiding).
   879 | D:1      | 879 ||| UPGRADING to +0 pair of gloves.
   884 | D:1      | 884 ||| READING scroll labelled MASTABA TUSIT.
   885 | D:1      | 885 ||| READING scroll labelled SATIQEDDUF.
   886 | D:1      | 886 ||| DRINKING 2 amethyst potions.
   887 | D:1      | 887 ||| DROPPING potion of degeneration.
   929 | D:2      | Found a faded altar of an unknown god.
  1017 | D:2      | Found Egugishi's Assorted Antiques.
  1018 | D:2      | 1018 ||| Stepping ~*~*~tactically~*~*~ (stealth).
  1023 | D:2      | Reached skill level 3 in Axes
  1031 | D:2      | Reached XP level 3. HP: 22/23 MP: 3/3
  1040 | D:2      | 1040 ||| SHOPLISTING 2 potions of might (152 gold, have
                  | 55).
  1040 | D:2      | 1040 ||| BUYING coppery potion (17 gold).
  1040 | D:2      | Bought a coppery potion for 17 gold pieces
  1040 | D:2      | 1040 ||| BUYING emerald potion (17 gold).
  1040 | D:2      | Bought an emerald potion for 17 gold pieces
  1040 | D:2      | 1040 ||| SHOPLISTING ivory wand (76 gold, have 21).
  1040 | D:2      | 1040 ||| SHOPLISTING pair of boots (85 gold, have 21).
  1040 | D:2      | 1040 ||| SHOPLISTING potion of might (76 gold, have 21).
  1040 | D:2      | 1040 ||| BUYING sedimented black potion (17 gold).
  1040 | D:2      | Bought a sedimented black potion for 17 gold pieces
  1046 | D:2      | 1046 ||| Stepping ~*~*~tactically~*~*~ (hiding).
  1135 | D:2      | Noticed Jessica
  1138 | D:2      | Killed Jessica
  1168 | D:2      | Reached XP level 4. HP: 28/28 MP: 4/4
  1257 | D:2      | Reached skill level 4 in Axes
  1277 | D:2      | Identified the +0 sling of Ru {flame, Dex+5}
  1367 | D:2      | 1367 ||| Stepping ~*~*~tactically~*~*~ (hiding).
  1368 | D:2      | 1368 ||| Stepping ~*~*~tactically~*~*~ (hiding).
  1494 | D:2      | 1494 ||| READING scroll labelled SYNKOM XI TECH.
  1495 | D:2      | 1495 ||| READING scroll labelled DUOSOG IMONWETH.
  1496 | D:2      | 1496 ||| READING scroll labelled PAKEUS FEENTUBB.
  1501 | D:2      | 1501 ||| READING scroll labelled DITAMA JUKA.
  1502 | D:2      | 1502 ||| READING scroll labelled WAHASH YCZASYC.
  1531 | D:3      | 1531 ||| Stepping ~*~*~tactically~*~*~ (stealth).
  1535 | D:3      | 1535 ||| Stepping ~*~*~tactically~*~*~ (stealth).
  1659 | D:3      | Found a sacrificial altar of Ru.
  1801 | D:3      | Found a stormy altar of Qazlal.
  1851 | D:3      | 1851 ||| DROPPING +0 club.
  2024 | D:3      | 2024 ||| UPGRADING to +0 helmet.
  2029 | D:3      | 2029 ||| READING scroll labelled LAGYTZUTEC.
  2085 | D:4      | Reached XP level 5. HP: 30/32 MP: 5/5
  2128 | D:4      | Noticed Edmund
  2142 | D:4      | HP: 4/32 [Edmund/+2 dire flail of protection (14)]
  2143 | D:4      | Mangled by Edmund

Levels and vault maps discovered:
D:1:      scummos_arrival_gate, layout_basic, serial_shops,
          nicolae_shop_hallway_plus
D:2:      layout_basic, serial_shops, shop,
          hellmonk_ecumenical_altar_leap_of_faith, uniq_jessica
D:3:      layout_basic, nicolae_ru_awakened_eye,
          nicolae_qazlal_scattered_showers, hangedman_decor_push, hex_medium
D:4:      layout_loops_ring, uniq_edmund

Skill      XL: |  1  2  3  4 |
---------------+-------------+-----
Axes           | 2 3 4 |  4.8
Fighting       | |  3.2
Armour         | |  3.2
Shields        | |  3.2

Action                     |  1- 3 |  4- 6 || total
---------------------------+-------+-------++-------
  Melee: War axe           |    80 |    91 ||   171
    Use: Scroll            |     2 |     6 ||     8
         Potion            |     1 |       ||     1
 Armour: Scale mail        |    36 |    48 ||    84
  Dodge: Dodged            |    37 |    27 ||    64
  Block: Buckler           |    29 |    14 ||    43

Table legend:
 A = Non-vault XP
 B = Vault XP
 C = Vault XP percentage of total XP
 D = Non-vault monster count
 E = Vault monster count
 F = Vault count percentage of total count
                 A         B        C        D         E       F
            +---------+---------+-------+---------+---------+-------
      Total |     162 |      37 |  18.6 |      48 |       1 |   2.0
            +---------+---------+-------+---------+---------+-------
        D:1 |      21 |       0 |   0.0 |      13 |       0 |   0.0
        D:2 |      46 |      37 |  44.6 |      13 |       1 |   7.1
        D:3 |      50 |       0 |   0.0 |      18 |       0 |   0.0
        D:4 |      45 |       0 |   0.0 |       4 |       0 |   0.0
            +---------+---------+-------+---------+---------+-------
